AoeStats
← zamithdaniel

Black Forest

505597493Analyzed
3v3 RM · 24d ago on Sep 10, 2026· 64m 37s· 6 players
Game mode
Random Map
Map size
Normal (6 player)
Population
200
Speed
Normal
Resources
Standard
Victory
Conquest
Starting age
Dark Age
Ending age
Imperial Age
RankedLock teamsTeams togetherTeam positionsShared explorationLock speedFull tech treeHidden civsTurbo modeCheats
Victory
Defeat
🇺🇸 Berbers · United States
916
+12
🇦🇷 Japanese · Argentina
831
+15
🇲🇽 Teutons · Mexico
794
+16
🇨🇴 Britons · Colombia
841
-16
🇨🇴 Turks · Colombia
833
-15
🇨🇴 Persians · Colombia
758
-12
Icarus3597
0:28 Loom
11:20 Feudal Age
12:46 Wheelbarrow
11:53 Horse Collar
12:06 Double-Bit Axe
12:31 Town Watch
17:13 Gold Mining
21:02 Castle Age
19:19 Stone Mining
22:12 Hand Cart
22:01 Heavy Plow
22:14 Bow Saw
22:41 Stone Shaft Mining
25:59 Squires
27:59 Arson
29:04 Caravan
29:37 Pikeman
30:50 Fortified Wall
35:54 Imperial Age
34:12 Town Patrol
34:02 Gambesons
34:42 Ironclad
33:55 Elite Skirmisher
34:47 Bloodlines
36:05 Fervor
37:12 Crop Rotation
37:07 Conscription
37:09 Crenellations
38:00 Two-Man Saw
37:21 Arrowslits
38:01 Sanctity
38:00 Forging
37:51 Scale Mail Armor
37:56 Scale Barding Armor
37:42 Fletching
37:53 Padded Archer Armor
37:16 Onager
37:21 Halberdier
37:24 Cavalier
38:43 Hoardings
37:32 Elite Teutonic Knight
38:49 Paladin
39:47 Masonry
40:24 Iron Casting
40:05 Chain Mail Armor
41:07 Chain Barding Armor
41:17 Plate Mail Armor
41:33 Siege Engineers
41:04 Sappers
44:12 Guilds
44:45 Plate Barding Armor
45:10 Blast Furnace
44:27 Leather Archer Armor
44:08 Bodkin Arrow
45:23 Siege Onager
49:36 Chemistry
48:58 Ballistics
49:14 Ring Archer Armor
50:51 Elite Genitour
58:03 Illumination
BE4STboi
0:30 Loom
14:24 Feudal Age
14:52 Horse Collar
16:15 Wheelbarrow
15:53 Double-Bit Axe
16:12 Gold Mining
22:05 Castle Age
20:29 Stone Mining
23:14 Hand Cart
22:46 Town Watch
23:06 Heavy Plow
23:20 Bow Saw
26:35 Fervor
33:09 Pikeman
33:10 Man-at-Arms
33:51 Squires
35:10 Caravan
37:59 Imperial Age
36:19 Husbandry
36:30 Bloodlines
37:13 Town Patrol
37:28 Forging
37:08 Fletching
37:19 Padded Archer Armor
37:20 Scale Mail Armor
37:51 Scale Barding Armor
38:10 Ballistics
37:47 Murder Holes
38:40 Kasbah
39:02 Conscription
38:05 Elite Camel Archer
39:40 Crop Rotation
39:58 Gold Shaft Mining
40:00 Stone Shaft Mining
40:31 Maghrebi Camels
39:56 Heavy Camel Rider
39:57 Light Cavalry
40:00 Cavalier
42:47 Chemistry
43:43 Iron Casting
43:29 Chain Barding Armor
43:06 Bodkin Arrow
43:27 Chain Mail Armor
43:29 Leather Archer Armor
43:05 Capped Ram
44:31 Thumb Ring
43:52 Elite Genitour
45:24 Siege Engineers
60:24 Long Swordsman
GSSC146961
0:31 Loom
14:05 Feudal Age
15:33 Wheelbarrow
14:40 Horse Collar
14:53 Gold Mining
14:53 Double-Bit Axe
15:04 Fishing Lines
15:08 Man-at-Arms
15:33 Arson
16:56 Scale Mail Armor
18:26 Forging
19:59 Fletching
25:33 Castle Age
25:57 Padded Archer Armor
26:30 Hand Cart
25:39 Long Swordsman
26:04 Gambesons
26:24 Heavy Plow
26:36 Bow Saw
26:24 Crossbowman
27:44 Gillnets
28:29 Chain Mail Armor
29:26 Iron Casting
29:17 Bodkin Arrow
29:39 Leather Archer Armor
31:16 Ballistics
39:32 Imperial Age
36:50 Pikeman
37:31 Squires
37:54 Thumb Ring
39:03 Gold Shaft Mining
39:37 Halberdier
39:49 Elite Genitour
41:36 Two-Man Saw
42:28 Chemistry
40:59 Capped Ram
41:38 Two-Handed Swordsman
42:54 Plate Mail Armor
42:54 Bracer
43:08 Champion
48:19 Blast Furnace
47:49 Ring Archer Armor
Dovahkyn
6:15 Loom
11:34 Feudal Age
20:36 Castle Age
18:51 Double-Bit Axe
19:46 Horse Collar
19:49 Fishing Lines
22:02 Heavy Plow
28:04 Gold Mining
29:17 Bow Saw
30:15 Wheelbarrow
30:16 Gillnets
31:45 Caravan
32:24 Town Watch
33:00 Hand Cart
36:27 Imperial Age
35:23 Ballistics
34:44 Treadmill Crane
35:46 Fletching
35:56 Padded Archer Armor
38:10 Chemistry
36:44 Elite Longbowman
37:46 Conscription
38:50 Bodkin Arrow
39:10 Leather Archer Armor
39:58 Two-Man Saw
40:57 Fortified Wall
40:58 Masonry
40:56 Siege Engineers
41:36 Conscription
40:40 Crossbowman
40:42 Elite Skirmisher
41:51 Arbalester
43:53 Warwolf
44:14 Yeomen
45:36 Architecture
45:04 Murder Holes
45:44 Coinage
45:24 Guilds
45:24 Onager
47:07 Bracer
47:17 Forging
47:08 Scale Mail Armor
47:12 Pikeman
47:52 Squires
47:50 Halberdier
48:46 Gambesons
48:26 Man-at-Arms
48:54 Gambesons
49:51 Ring Archer Armor
51:54 Gold Shaft Mining
61:19 Iron Casting
61:00 Chain Mail Armor
zamithdaniel
11:56 Feudal Age
12:27 Double-Bit Axe
12:25 Horse Collar
22:06 Castle Age
26:24 Heavy Plow
30:34 Fletching
30:45 Padded Archer Armor
31:29 Bodkin Arrow
36:05 Imperial Age
34:01 Fortified Wall
37:33 Scale Barding Armor
37:41 Forging
43:55 Wheelbarrow
43:08 Town Watch
43:24 Gold Mining
43:28 Stone Mining
45:11 Gold Shaft Mining
48:00 Chain Barding Armor
Griffith
11:40 Feudal Age
19:13 Loom
22:12 Castle Age
27:06 Fishing Lines
32:39 Imperial Age
33:24 Scale Barding Armor
33:30 Forging
33:13 Cavalier
35:47 Chain Barding Armor
38:06 Plate Barding Armor
38:15 Wheelbarrow
40:33 Hand Cart
40:57 Iron Casting
40:13 Double-Bit Axe
40:17 Horse Collar
40:50 Gold Mining
41:55 Caravan
42:58 Savar
44:04 Conscription
44:22 Husbandry
44:33 Bloodlines
45:31 Pikeman
46:12 Squires
46:19 Scale Mail Armor
47:19 Blast Furnace
47:36 Blast Furnace
46:25 Halberdier
47:53 Chain Mail Armor
49:42 Gold Shaft Mining
Connection lost

Rejoining the realm…

Still unreachable

The connection could not be restored.

Session expired

The server has moved on; the page needs a fresh start.